AoeStats
← Sex Machine 24cm

Coastal Forest

510404245Analyzed
2v2 RM · 24h ago on Sep 30, 2026· 52m 37s· 4 players
Game mode
Random Map
Map size
Medium (4 player)
Population
200
Speed
Normal
Resources
Standard
Victory
Conquest
Starting age
Dark Age
Ending age
Imperial Age
RankedLock teamsTeams togetherTeam positionsShared explorationLock speedFull tech treeHidden civsTurbo modeCheats
Victory
Defeat
🇦🇷 Saxons · Argentina
1295
+14
🇨🇱 Vikings · Chile
1220
+17
🇪🇸 Khmer · Spain
1336
-18
🇸🇮 Saxons · Slovenia
1177
-13
m00n
10:07 Feudal Age
10:23 Loom
11:20 Double-Bit Axe
12:14 Horse Collar
14:59 Wheelbarrow
14:49 Fletching
15:42 Padded Archer Armor
25:26 Castle Age
26:22 Hand Cart
25:31 Elite Skirmisher
26:16 Thumb Ring
26:09 Bodkin Arrow
26:30 Leather Archer Armor
26:57 Crossbowman
28:26 Bow Saw
31:51 Ballistics
41:43 Imperial Age
43:06 Bracer
43:36 Ring Archer Armor
44:42 Arbalester
46:24 Forging
50:39 Gold Mining
50:39 Stone Mining
51:12 Heavy Plow
Aspirante
5:46 Loom
6:31 Loom
8:50 Feudal Age
9:20 Horse Collar
18:51 Bloodlines
21:56 Castle Age
20:19 Double-Bit Axe
22:39 Husbandry
23:40 Scale Barding Armor
23:45 Forging
25:29 Chain Barding Armor
31:02 Gold Mining
34:49 Gold Shaft Mining
34:26 Light Cavalry
37:58 Stone Mining
42:32 Wheelbarrow
47:59 Hand Cart
52:54 Imperial Age
54:59 Imperial Age
kalelc
6:53 Loom
9:45 Feudal Age
10:15 Double-Bit Axe
15:30 Fletching
19:41 Padded Archer Armor
23:42 Castle Age
21:37 Horse Collar
22:26 Gold Mining
24:27 Bodkin Arrow
24:05 Crossbowman
27:59 Ballistics
29:39 Leather Archer Armor
42:52 Forging
50:23 Imperial Age
49:04 Bow Saw
51:04 Bracer
54:16 Chemistry
Sex Machine 24cm
5:40 Loom
9:03 Feudal Age
10:56 Double-Bit Axe
10:58 Man-at-Arms
12:31 Arson
13:08 Horse Collar
22:01 Castle Age
23:04 Bow Saw
24:35 Wheelbarrow
24:53 Heavy Plow
25:10 Gold Mining
29:51 Scale Mail Armor
30:02 Forging
30:25 Pikeman
32:55 Squires
33:15 Chain Mail Armor
33:47 Gambesons
37:16 Iron Casting
38:09 Hand Cart
38:37 Gold Shaft Mining
42:27 Imperial Age
43:49 Elite Varangian Guard
45:02 Plate Mail Armor
44:55 Elite Varangian Guard
45:26 Shield Wall
46:27 Conscription
46:59 Capped Ram
47:53 Elite Hearth Troop
Connection lost

Rejoining the realm…

Still unreachable

The connection could not be restored.

Session expired

The server has moved on; the page needs a fresh start.